 Dungeon Crawl Stone Soup version 0.25-a0-583-g696c2ac64d (webtiles) character file.

Game seed: 7788614274005959931, levelgen mode: deterministic

39 Lugonue the Sneak (level 3, 0/14 HPs)
             Began as a Felid Fire Elementalist on Mar 8, 2020.
             Succumbed to an adder's poison
             ... on level 1 of the Dungeon.
             The game lasted 00:04:08 (1389 turns).

Lugonue the Sneak (Felid Fire Elementalist)         Turns: 1389, Time: 00:04:08

Health: 0/14       AC:  1    Str:  4    XL:     3   Next: 26%
Magic:  3/7        EV: 18    Int: 17    God:
Gold:   70         SH:  0    Dex: 16    Spells: 2/6 levels left
                                        Lives:  0   Deaths: 0

rFire    + . .     SeeInvis +   (weapon unavailable)
rCold    x . .     Gourm    .   (shield unavailable)
rNeg     . . .     Faith    .   (armour unavailable)
rPois    .         Spirit   .   (helmet unavailable)
rElec    .         Reflect  .   (cloak unavailable)
rCorr    .         Harm     .   (gloves unavailable)
MR       .....                  (boots unavailable)
Stlth    +++.......             (no amulet)
HPRegen  0.04/turn              e - ring of fire
MPRegen  0.10/turn              (no ring)

@: lethally poisoned (0 -> -2), very slightly contaminated, quick
A: very small, no armour, no weapons or thrown items, stealth, claws 1, fangs 3,
see invisible, carnivore, speed 1, shaggy fur 1, slow metabolism 1, sharp paws
a: no special abilities


You were on level 1 of the Dungeon.
You were full.

You visited 1 branch of the dungeon, and saw 2 of its levels.

You collected 70 gold pieces.

Inventory:

Jewellery
 e - a ring of fire (left paw)
Scrolls
 d - a scroll of remove curse
 g - a scroll of amnesia
Comestibles
 b - a ration


   Skills:
 - Level 2.6 Dodging
 + Level 3.8 Stealth
 + Level 2.2 Spellcasting
 + Level 1.2 Conjurations
 + Level 3.2 Fire Magic


You had 2 spell levels left.
You knew the following spells:

 Your Spells              Type           Power        Failure   Level  Hunger
a - Foxfire               Conj/Fire      ##..         8%          1    #......
b - Inner Flame           Hex/Fire       ##......     28%         3    ###....

Your spell library contained the following spells:

 Spells                   Type           Power        Failure   Level  Hunger
 Conjure Flame            Conj/Fire      ##......     22%         3    ###....
 Sticky Flame             Conj/Fire      ##......     58%         4    #####..
 Fireball                 Conj/Fire      ##........   91%         5    ######.


Dungeon Overview and Level Annotations

Branches:
Dungeon (2/15)

Altars:

Annotations:
D:2 Crazy Yiuf


Innate Abilities, Weirdness & Mutations

You cannot wear armour.
You are incapable of wielding weapons or throwing items.
Your paws allow you to move quietly. (Stealth)
You have sharp claws.
You have razor-sharp teeth.
You have supernaturally acute eyesight. (SInv)
You are carnivorous and can eat meat at any time.
You cover ground quickly.
You are covered in fur. (AC +1)
You have a slow metabolism.
Your sharp claws are effective at attacking unaware monsters.


Message History

g - a scroll of amnesia
* * * LOW HITPOINT WARNING * * *
You feel sick.
Okay, then.
You swing at nothing.
You swing at nothing.
You swing at nothing.
* * * LOW HITPOINT WARNING * * *
You feel sick.
You swing at nothing.
You swing at nothing.
You swing at nothing.
You swing at nothing.
* * * LOW HITPOINT WARNING * * *
You feel sick.
You swing at nothing.
You swing at nothing.
You swing at nothing.
You swing at nothing.
You die...

## #.#...# #.# #.##...
.## #.#...# #.# #.#####
..##########.#...# #.#
#.# ..##.............#
#.####'#####
#.##.###########.#
#.#.........
#.##.#...........#
#.#.........
#....#.########..#
#.#......... ######.#
######..#####.#.........
#.#
#......@................
#.#
#......######.##########
#.###........####.#
#...+......#...#..###
#.).#......###......#
#...#......#
#......########
#...#......#
#......##......
#...#......#
#......##...... ###
#...'....#.#
#########......


There were no monsters in sight!

Vanquished Creatures
  An adder (D:2)
  3 dart slugs
  3 bats
  2 giant cockroaches
  3 goblins (D:1)
  3 hobgoblins
  2 frilled lizards
  4 kobolds (D:1)
  4 rats (D:1)
25 creatures vanquished.

Vanquished Creatures (others)
  39 foxfires
39 creatures vanquished.

Grand Total: 64 creatures vanquished

Notes
Turn   | Place    | Note
-------+----------+-------------------------------------------
     0 | D:1      | Lugonue the Felid Fire Elementalist began the quest for the
                  | Orb.
     0 | D:1      | Reached XP level 1. HP: 7/7 MP: 4/4
   359 | D:1      | Reached skill level 1 in Conjurations
   417 | D:1      | Reached XP level 2. HP: 11/11 MP: 0/6
   978 | D:2      | Found a runed translucent door.
  1001 | D:2      | Noticed Crazy Yiuf
  1094 | D:2      | Reached XP level 3. HP: 7/14 MP: 0/7
  1166 | D:2      | Learned a level 3 spell: Inner Flame
  1389 | D:1      | Succumbed to an adder's poison

Levels and vault maps discovered:
D:1:      minmay_arrival_plants_in_alcoves, layout_basic
D:2:      layout_rooms, kennysheep_slug_shrine, uniq_terence,
          uniq_crazy_yiuf_cottage

Skill      XL: |  1 |
---------------+----+-----
Conjurations   | 1 |  1.2
Stealth        | 3 |  3.8
Fire Magic     | 3 |  3.2
Dodging        | |  2.6
Spellcasting   | |  2.2

Action                   || total
-------------------------++-------
Melee: Unarmed           ||    25
       Bite              ||     1
 Cast: Foxfire           ||    26
       Inner Flame       ||     1
  Use: Scroll            ||     3
       Potion            ||     1
 Stab: Sleeping          ||    13
  Eat: Chunk             ||     5
Armor: Skin              ||     1
Dodge: Dodged            ||    26

Table legend:
 A = Non-vault XP
 B = Vault XP
 C = Vault XP percentage of total XP
 D = Non-vault monster count
 E = Vault monster count
 F = Vault count percentage of total count
                 A         B        C        D         E       F
            +---------+---------+-------+---------+---------+-------
      Total |      56 |       0 |   0.0 |      25 |       0 |   0.0
            +---------+---------+-------+---------+---------+-------
        D:1 |      30 |       0 |   0.0 |      18 |       0 |   0.0
        D:2 |      26 |       0 |   0.0 |       7 |       0 |   0.0
            +---------+---------+-------+---------+---------+-------
